 Dungeon Crawl Stone Soup version 0.27.0-1-g7a089689b8 (webtiles) character file.

Game seed: 5565103741823954834

165 Descartes the Shield-Bearer (level 5, 0/42 HPs)
             Began as a Formicid Fighter on Aug 10, 2021.
             Was a Follower of Qazlal.
             Slain by a gnoll sergeant (11 damage)
             ... on level 3 of the Dungeon.
             The game lasted 00:04:22 (2152 turns).

Descartes the Shield-Bearer (Formicid Fighter)      Turns: 2152, Time: 00:04:23

Health: 0/42       AC: 11    Str: 20    XL:     5   Next: 74%
Magic:  6/6        EV:  4    Int:  8    God:    Qazlal [*.....]
Gold:   76         SH: 11    Dex: 11    Spells: 4/4 levels left

rFire    . . .     SeeInvis +   a - +0 war axe
rCold    . . .     Faith    .   c - +0 kite shield
rNeg     . . .     Spirit   .   l - +0 plate armour
rPois    .         Reflect  .   (helmet unavailable)
rElec    .         Harm     .   (no cloak)
rCorr    .         Rampage  .   (no gloves)
Will     .....                  (no boots)
Stlth    ..........             (no amulet)
HPRegen  0.14/turn              (no ring)
MPRegen  0.10/turn              (no ring)

@: no status effects
A: permanent stasis, dig shafts and tunnels, antennae 3, four strong arms
a: Dig, Shaft Self, Renounce Religion


You were on level 3 of the Dungeon.
You worshipped Qazlal.
Qazlal was aware of your devotion.
You visited 1 branch of the dungeon, and saw 3 of its levels.

You collected 76 gold pieces.

Inventory:

Hand Weapons
 a - a +0 war axe (weapon)
Missiles
 e - 34 sling bullets
 n - 22 stones
 r - 15 poisoned darts
Armour
 b - a +0 scale mail
 c - a +0 kite shield (worn)
 l - a +0 plate armour (worn)
Jewellery
 g - an amulet of faith
Scrolls
 h - 4 scrolls of identify {unknown}
 i - a scroll of torment {unknown}
 j - a scroll of vulnerability {unknown}
 k - 2 scrolls of teleportation {unknown}
 m - a scroll of enchant armour {unknown}
 o - a scroll of immolation {unknown}
 p - a scroll of fog {unknown}
 q - a scroll of holy word {unknown}
Potions
 d - a potion of might
 f - 3 potions of curing {unknown}


   Skills:
 + Level 4.1 Fighting
 + Level 2.8 Axes
 + Level 4.1 Armour
 - Level 0.2 Dodging
 + Level 4.9 Shields
 + Level 1.9 Invocations


You had 4 spell levels left.
You didn't know any spells.
Your spell library contained the following spells:

 Spells                   Type           Power      Damage    Failure   Level
 Magic Dart               Conj           0%         1d3       100%        1
 Call Imp                 Summ           0%         N/A       100%        2
 Mephitic Cloud           Conj/Pois/Air  0%         N/A       100%        3
 Blink                    Tloc           Unusable   N/A       N/A         2

Dungeon Overview and Level Annotations

Branches:
Dungeon (3/15)

Altars:
Qazlal

Annotations:
D:3 1 runed translucent door, ShadowedStranger's ghost, amateur HOAK


Innate Abilities, Weirdness & Mutations

You cannot be hasted, slowed, berserked, paralysed or teleported.
You can dig through walls and to a lower floor.
You have a pair of large antennae on your head. (SInv)
Your four strong arms can wield two-handed weapons with a shield.


Message History

The gnoll barely misses you.
The gnoll sergeant hits you from afar with a +0 spear.
You block the gnoll's attack.
You barely miss the gnoll.
The gnoll is severely wounded.
You closely miss the gnoll. You block the gnoll's attack.
The gnoll sergeant hits you from afar with a +0 spear.
The gnoll hits you but does no damage. The gnoll hits you with a +0 whip.
The gnoll sergeant hits you from afar with a +0 spear.
You are too injured to fight recklessly!
You are too injured to fight recklessly!
You are too injured to fight recklessly!
You are too injured to fight recklessly!
You are too injured to fight recklessly!
You are too injured to fight recklessly!
You are too injured to fight recklessly!
Your plate armour prevents you from hitting the gnoll.
The gnoll is severely wounded.
You hit the gnoll but do no damage. You block the gnoll's attack.
The gnoll is engulfed in blazing flames.
You kill the gnoll!
Qazlal accepts your kill.
The gnoll sergeant hits you from afar with a +0 spear.
The gnoll hits you with a +0 whip.
* * * LOW HITPOINT WARNING * * *
You hit the gnoll.
The gnoll is almost dead.
You block the gnoll sergeant's attack. The gnoll hits you but does no damage.
Unknown command.
You hit the gnoll.
You kill the gnoll!
Qazlal accepts your kill. You block the gnoll sergeant's attack.
The gnoll sergeant hits you from afar with a +0 spear.
* * * LOW HITPOINT WARNING * * *
You see here a +0 whip.
You can't go up here!
There is a stone staircase leading up here.
The gnoll sergeant hits you from afar with a +0 spear!
You die...

####### ##.@...##
##...○...##
#...g.....#
#..°......# #
#.........# #
#).)......# #
##.........# #
####.........##
##
###.............#


You could see a gnoll sergeant.

Vanquished Creatures
  Jessica (D:2)
  Terence (D:3)
  3 gnolls (D:3)
  3 adders
  A worm (D:2)
  A dart slug (D:1)
  5 endoplasms
  2 giant cockroaches
  3 goblins
  5 hobgoblins
  4 jackals
  5 kobolds
  4 quokkas
  4 ball pythons
  4 bats (D:1)
  5 frilled lizards (D:1)
  5 rats
56 creatures vanquished.

Notes
Turn   | Place    | Note
-------+----------+-------------------------------------------
     0 | D:1      | Descartes the Formicid Fighter began the quest for the Orb.
     0 | D:1      | Reached XP level 1. HP: 18/18 MP: 1/1
   157 | D:1      | Reached XP level 2. HP: 24/24 MP: 2/2
   461 | D:1      | Reached XP level 3. HP: 29/29 MP: 3/3
   512 | D:1      | Found a faded altar of an unknown god.
   536 | D:1      | Became a worshipper of Qazlal Stormbringer
   536 | D:1      | Reached * piety under Qazlal
   834 | D:2      | Noticed Jessica
   841 | D:2      | Killed Jessica
   842 | D:2      | Reached XP level 4. HP: 30/37 MP: 4/4
   852 | D:2      | Got Jessica's Incunabulum of the Voyage
   978 | D:2      | Reached skill level 1 in Invocations
  1625 | D:3      | Noticed Terence
  1634 | D:3      | Killed Terence
  1635 | D:3      | Reached XP level 5. HP: 36/42 MP: 4/6
  1669 | D:3      | HP: 2/42 [gnoll (3)]
  2108 | D:3      | Found a runed translucent door.
  2108 | D:3      | Noticed ShadowedStranger's ghost (amateur HOAK)
  2152 | D:3      | Slain by a gnoll sergeant

Illustrated notes

Levels and vault maps discovered:
D:1:      minmay_arrival_cross, layout_basic, basic_ecumenical_altar
D:2:      layout_loops_ring, kennysheep_jessica_study
D:3:      layout_rooms, gammafunk_ghost_grave, item_on_display_a, uniq_terence

Skill      XL: |  1  2  3  4  5 |
---------------+----------------+-----
Shields        | 4 |  4.9
Invocations    | 1 |  1.9
Fighting       | 4 |  4.1
Armour         | 4 |  4.1
Axes           | |  2.8
Dodging        | |  0.2

Action                   |  1- 3 |  4- 6 || total
-------------------------+-------+-------++-------
Melee: War axe           |    90 |    72 ||   162
Armor: Scale mail        |    37 |       ||    37
       Plate armour      |       |    48 ||    48
Dodge: Dodged            |    36 |    14 ||    50
Block: Kite shield       |    56 |    49 ||   105
